 Dungeon Crawl Stone Soup version 0.27-a0-1196-g3e9cee4cb2 (webtiles) character file.

Game seed: 10003850526206476567

425 bilbop the Covered (level 6, -1/56 HPs)
             Began as a Minotaur Fighter on May 29, 2021.
             Was an Initiate of Okawaru.
             Slain by an ogre
             ... wielding a +0 giant spiked club
              (32 damage)
             ... on level 4 of the Dungeon.
             The game lasted 00:15:41 (3532 turns).

bilbop the Covered (Minotaur Fighter)               Turns: 3532, Time: 00:15:42

Health: -1/56      AC:  8    Str: 21    XL:     6   Next: 64%
Magic:  7/7        EV:  7    Int:  6    God:    Okawaru [......]
Gold:   128        SH: 10    Dex: 16    Spells: 8/8 levels left

rFire    + . .     SeeInvis .   a - +0 morningstar
rCold    + . .     Faith    .   c - +0 kite shield
rNeg     . . .     Spirit   .   u - +0 scale mail
rPois    .         Reflect  .   (helmet restricted)
rElec    .         Harm     .   q - scarf {rC+ rF+}
rCorr    .         Rampage  .   (no gloves)
Will     +....                  p - +0 pair of boots
Stlth    ..........             v - amulet of regeneration
HPRegen  1.18/turn              g - ring of willpower
MPRegen  0.10/turn              l - +6 ring of dexterity

@: no status effects
A: horns 2, retaliatory headbutt
a: Renounce Religion


You were on level 4 of the Dungeon.
You worshipped Okawaru.
Okawaru was noncommittal.
You visited 1 branch of the dungeon, and saw 4 of its levels.

You collected 264 gold pieces.
You spent 136 gold pieces at shops.

Inventory:

Hand Weapons
 a - a +0 morningstar (weapon)
 k - a +0 flail
Armour
 c - a +0 kite shield (worn)
 p - a +0 pair of boots (worn)
 q - a scarf of resistance (worn)
 u - a +0 scale mail (worn)
Jewellery
 b - a +4 ring of evasion
 g - a ring of willpower (left hand)
 l - a +6 ring of dexterity (right hand)
 m - a ring of positive energy
 s - a ring of magical power
 v - an amulet of regeneration (around neck)
Scrolls
 f - a scroll of enchant weapon {unknown}
 h - 8 scrolls of identify {unknown}
 i - 3 scrolls of noise {unknown}
 j - a scroll of teleportation {unknown}
 n - 3 scrolls of fog {unknown}
 o - a scroll of amnesia {unknown}
 w - a scroll of fear {unknown}
Potions
 d - 2 potions of might
 e - a potion of heal wounds {unknown}
 r - a potion of brilliance {unknown}
 t - a potion of ambrosia {unknown}


   Skills:
 + Level 5.1 Fighting
 + Level 4.3 Maces & Flails
 + Level 5.2 Armour
 + Level 5.2 Shields
 + Level 1.8 Spellcasting


You had 8 spell levels left.
You didn't know any spells.
Your spell library contained the following spells:

 Spells                   Type           Power      Damage    Failure   Level
 Foxfire                  Conj/Fire      0%         2x1d4     98%         1
 Conjure Flame            Conj/Fire      0%         6-21      100%        3
 Inner Flame              Hex/Fire       0%         N/A       100%        3
 Sticky Flame             Conj/Fire      0%         2d3       100%        4
 Fireball                 Conj/Fire      0%         3d3       100%        5


Dungeon Overview and Level Annotations

Branches:
Dungeon (4/15)
 Temple: D:4-7

Altars:
Dithmenos
Gozag
Okawaru
Yredelemnul

Shops:
D:4 *(?!

Annotations:
D:3 1 runed translucent door, lightspider's ghost, amateur DrMo


Innate Abilities, Weirdness & Mutations

You have a pair of horns on your head.
You reflexively headbutt those who attack you in melee.


Message History

You see here 18 gold pieces.
The jackal barks!
A jackal comes into view.
You pick up a book of Flames and begin reading...
You add the spells Foxfire, Conjure Flame, Inner Flame, Sticky Flame and Fireball to your library.
w - a scroll labelled HAMMUL PAIN
h - 8 scrolls labelled KUTTESCHUDI (gained 2)
The jackal barks!
You hear a bark! x2
You see here 18 gold pieces.
You now have 128 gold pieces (gained 18).
The jackal closely misses you. You furiously retaliate!
You headbutt the jackal, but do no damage.
You block the jackal's attack.
You barely miss the jackal.
The jackal bites you but does no damage.
The jackal completely misses you.
You barely miss the jackal. You headbutt the jackal!
You kill the jackal!
Okawaru accepts your kill.
You see here a jackal corpse.
You sock the jackal!
You kill the jackal!
Okawaru accepts your kill.
There is an open translucent gate here.
Your amulet attunes itself to your body as you begin to regenerate more quickly.
An ogre comes into view. It is wielding a +0 giant spiked club.
You see here a ball python corpse.
Found 10 gold pieces.
You hit the ogre. You headbutt the ogre!
The ogre is heavily wounded.
The ogre hits you with a +0 giant spiked club.
You hit the ogre.
The ogre is severely wounded.
You block the ogre's attack.
The ogre hits you with a +0 giant spiked club!!
You hit the ogre but do no damage.
The ogre is severely wounded.
The ogre hits you with a +0 giant spiked club!!
Ouch! That really hurt!
You die...

...#.......#....... ##
####.#.......#...##..
..##....#..#.#..#...##..
........#.#...#.#....#..
........#..#.#..#....'..
........#.......#...##..
.$......#.†.....#...##..
#.....O###'''###.......
#.....@..†...........).
###∩....##....##.......
#.....###'####.......
#........#.....#).....∩
#........#.....#...####
#!.......#.....'...##..
+.#.....##....##..†....
################.......
#........


You could see an ogre.

Vanquished Creatures
  An ogre (D:4)
  3 hounds (D:4)
  A bullfrog skeleton (D:4)
  An iguana (D:4)
  A scorpion zombie (D:4)
  The ghost of Zonian the Caller, a weakling FoSu of Hepliaklqana (D:4)
  A howler monkey skeleton (D:4)
  3 adders
  A white imp (D:3)
  An adder skeleton (D:4)
  4 worms
  4 dart slugs
  3 orcs
  7 endoplasms
  3 giant cockroaches
  8 goblins
  8 hobgoblins
  11 jackals
  6 kobolds
  A quokka (D:3)
  7 ball pythons
  8 bats
  4 frilled lizards
  4 rats
92 creatures vanquished.

Vanquished Creatures (others)
  2 withered plants (D:3)
2 creatures vanquished.

Grand Total: 94 creatures vanquished

Notes
Turn   | Place    | Note
-------+----------+-------------------------------------------
     0 | D:1      | bilbop the Minotaur Fighter began the quest for the Orb.
     0 | D:1      | Reached XP level 1. HP: 19/19 MP: 0/0
    73 | D:1      | Reached XP level 2. HP: 25/27 MP: 1/1
   731 | D:1      | Reached XP level 3. HP: 31/33 MP: 2/2
  1690 | D:2      | Reached XP level 4. HP: 37/40 MP: 4/4
  1914 | D:2      | Found a faded altar of an unknown god.
  2063 | D:3      | Found a runed translucent door.
  2064 | D:3      | Noticed lightspider's ghost (amateur DrMo)
  2133 | D:3      | You fall into a shaft and drop 1 floor!
  2140 | D:3      | Reached skill level 1 in Spellcasting
  2530 | D:3      | Found a shadowy altar of Dithmenos.
  2530 | D:3      | Found a basalt altar of Yredelemnul.
  2536 | D:3      | You fall into a shaft and drop 1 floor!
  2550 | D:4      | Reached XP level 5. HP: 40/47 MP: 5/5
  2864 | D:3      | Found an iron altar of Okawaru.
  2874 | D:3      | Found an opulent altar of Gozag.
  2894 | D:3      | Became a worshipper of Warmaster Okawaru
  3225 | D:4      | Noticed an ogre
  3227 | D:4      | Found Mifymobb's Antique Weapon Shop.
  3232 | D:4      | Killed an ogre
  3233 | D:4      | Reached skill level 5 in Fighting
  3233 | D:4      | Reached skill level 5 in Armour
  3233 | D:4      | Reached skill level 5 in Shields
  3233 | D:4      | Reached XP level 6. HP: 56/56 MP: 7/7
  3240 | D:4      | Bought a bloodstained hunting sling for 136 gold pieces
  3240 | D:4      | Identified the +6 hunting sling "Atotim" {flame, Drain
                  | +Blink rElec Int+3} (You bought it in a shop on level 4 of
                  | the Dungeon)
  3242 | D:4      | Found a runed translucent gate.
  3242 | D:4      | Found a runed translucent gate.
  3242 | D:4      | Noticed Zonian's ghost (weakling FoSu)
  3247 | D:4      | Found Moulosch's Magic Scroll Shop.
  3260 | D:4      | Found Itri's Distillery.
  3444 | D:4      | Found a runed translucent gate.
  3448 | D:4      | Found Bawnog's General Store.
  3467 | D:4      | Killed Zonian's ghost
  3532 | D:4      | Slain by an ogre

Illustrated notes

Levels and vault maps discovered:
D:1:      lightli_arrival_statue_moat, layout_loops_ring
D:2:      minmay_general_purpose_star, layout_loops_ring,
          chequers_ecumenical_altar_island, chequers_serial_rivers_large_b
D:3:      layout_loops_ring, minitemple, jmf_multi_god_temple,
          gammafunk_ghost_grave
D:4:      layout_gridville, minmay_temple_entry_glassed_door, enter_ossuary_2,
          serial_shops, shop, shop, shop_fountains,
          nicolae_shop_competitors_out_of_business, gammafunk_ghost_split,
          kennysheep_generic_room_16

Skill      XL: |  1  2  3  4  5 |
---------------+----------------+-----
Armour         | 4 5 |  5.2
Shields        | 4 5 |  5.2
Fighting       | 4 5 |  5.1
Maces & Flails | 3 4 |  4.3
Spellcasting   | 1 |  1.8

Action                   |  1- 3 |  4- 6 || total
-------------------------+-------+-------++-------
Melee: Flail             |    83 |       ||    83
       Headbutt          |    21 |    23 ||    44
       Morningstar       |    14 |   109 ||   123
Armor: Scale mail        |    44 |    64 ||   108
Dodge: Dodged            |    26 |    43 ||    69
Block: Kite shield       |    61 |    64 ||   125

Table legend: (Time is in decaauts)
 A = Elapsed time spent in this place.
 B = Non-inter-level travel time spent in this place.
 C = Inter-level travel time spent in this place.
 D = Time resting spent in this place.
 E = Time spent auto-exploring this place.
 F = Levels seen in this place.
 G = Mean time per level.
                   A        B        C        D        E       F      G
               +--------+--------+--------+--------+--------+-----+--------+
         Total |   3666 |   3456 |    210 |    480 |   2363 |   4 |  916.5 |
       Dungeon |   3666 |   3456 |    210 |    480 |   2363 |   4 |  916.5 |
               +--------+--------+--------+--------+--------+-----+--------+

Top non-repeatable levels by time:
     D:2: 1181 daAuts
     D:3: 996 daAuts
     D:1: 962 daAuts
     D:4: 526 daAuts
